 Dungeon Crawl Stone Soup version bcrawl-1.12-10-g10a67aac0f (webtiles) character file.

Game seed: 9272889707672464306

174 MisterOstroum the Sneak (level 5, -5/41 HPs)
             Began as a Vampire Rogue on June 12, 2019.
             Shot with an arrow by a centaur (6 damage)
             ... on level 3 of the Dungeon.
             The game lasted 00:06:15 (3869 turns).

MisterOstroum the Sneak (Vampire Rogue)             Turns: 3869, Time: 00:06:16

Health: -5/41      AC:  4    Str: 14    XL:     5   Next: 28%
Magic:  6/6        EV: 11    Int: 11    God:
Gold:   98         SH:  0    Dex: 16    Spells: 4/4 levels left

rFire    . . .     SeeInvis +   a - +2 dagger
rCold    . . .     Gourm    .   (no shield)
rNeg     + . .     Faith    .   c - +0 robe
rPois    .         Spirit   .   (no helmet)
rElec    .         Reflect  .   d - +0 cloak
rCorr    .         Harm     .   s - +0 pair of gloves
MR       .....                  (no boots)
Stlth    ++++......             (no amulet)
HPRegen  0.13/turn              (no ring)
MPRegen  0.10/turn              (no ring)

@: no status effects
A: claws 1, fangs 3, see invisible, unbreathing
a: no special abilities


You were on level 3 of the Dungeon.
You were not thirsty.

You visited 1 branch of the dungeon, and saw 3 of its levels.

You collected 98 gold pieces.

Inventory:

Hand Weapons
 a - a +2 dagger (weapon)
 b - a +0 blowgun
Missiles
 h - 199 poisoned needles
 j - 396 stones (quivered)
Armour
 c - a +0 robe (worn)
 d - a +0 cloak (worn)
 s - a +0 pair of gloves (worn)
Jewellery
 k - an uncursed ring of fire
Wands
 f - a wand of flame (15)
 g - a wand of enslavement (15)
Scrolls
 i - a scroll of amnesia {unknown}
 l - 2 scrolls of remove curse {unknown}
 n - a scroll of enchant armour {unknown}
 p - 5 scrolls of teleportation {unknown}
 q - 2 scrolls of identify {unknown}
 w - a scroll of fear {unknown}
Potions
 e - 11 potions of blood
 m - a potion of haste {unknown}
 o - 2 potions of heal wounds {unknown}
 r - 2 potions of brilliance {unknown}
 t - a potion of curing {unknown}
 u - 2 potions of lignification {unknown}
 v - a potion of ambrosia {unknown}


   Skills:
 - Level 3.0 Fighting
 + Level 5.1 Short Blades
 - Level 1.5 Throwing
 - Level 6.4 Stealth
 - Level 2.0 Evocations


You had 4 spell levels left.
You didn't know any spells.
Your spell library was empty.

Dungeon Overview and Level Annotations

Branches:
Dungeon (3/12)

Altars:
Nemelex Xobeh
The Shining One


Innate Abilities, Weirdness & Mutations

You have sharp fingernails.
You have razor-sharp teeth.
You have supernaturally acute eyesight. (SInv)
You can survive without breathing.


Message History

The helpless dart slug fails to defend itself.
You spit the dart slug like a pig!!!
You kill the dart slug!
A kobold comes into view. It is wielding a +0 short sword.
You see here a fuming orange potion.
Jessica shouts, "You're disturbing me!
I'll have to kill you!"
Jessica points at you and mumbles some strange words.
Pain shoots through your body!
You hit Jessica.
Jessica is heavily wounded.
You closely miss Jessica.
Jessica is heavily wounded.
Jessica hits you with a +0 club.
You hit Jessica. You bite Jessica, but do no damage.
Jessica is almost dead.
Jessica closely misses you.
You barely miss Jessica.
Jessica is almost dead.
You barely miss Jessica.
Jessica is almost dead.
Jessica hits you with a +0 club.
You hit Jessica.
You kill Jessica!
Your Fighting skill increases to level 3!
Your Short Blades skill increases to level 5!
Things that are here:
a +0 club; a +0 robe; the human corpse of Jessica You bottle the corpse's blood.
Items here: ! ) [ ÷ a potion of blood; a +0 club; a +0 robe; the human skeleton of Jessica
Found 157 bolts.
The helpless kobold fails to defend itself.
You bite the kobold, and draw its blood!
You feel better.
You feel slightly less thirsty.
You perforate the kobold like a sieve!!!
You kill the kobold!
Found a scroll labeled SEREIR KOFOGINN.
h - 199 poisoned needles (gained 124)
Things that are here:
a +0 short sword; a +0 blowgun
e - 15 potions of blood (gained 1)
Things that are here:
a +0 club; a +0 robe; the human skeleton of Jessica
v - a fuming orange potion
q - 2 scrolls labeled WIDDAS SICYSCH (gained 1)
p - 4 scrolls labeled UHIMIC QOSADOD (gained 1) There's nothing here to drain!
There's nothing here to drain!
Yummy - fresh blood!
You are feeling thirsty.
Yummy - fresh blood!
HP restored.
w - a scroll labeled SEREIR KOFOGINN A giant cockroach comes into view.
A giant cockroach is nearby!
Found a scroll labeled UHIMIC QOSADOD.
Found 208 arrows.
The helpless giant cockroach fails to defend itself.
You stick the giant cockroach like a pincushion!!!
You kill the giant cockroach!
You see here a giant cockroach corpse.
p - 5 scrolls labeled UHIMIC QOSADOD (gained 1)
You see here a giant cockroach corpse.
Found a ration.
Unknown command.
u - 2 silvery potions (gained 1)
You now have 98 gold pieces (gained 3).
A centaur comes into view.
Found 24 gold pieces.
A centaur is nearby!
Throwing (i - inventory)
j - 397 stones (quivered)
Press: ? - help, Shift-Dir - straight line, f - centaur
Aim: a centaur (resting)
You throw a stone.
The stone hits the centaur but does no damage.
The centaur shouts!
The centaur wields a +0 shortbow.
The centaur shoots an arrow.
The arrow hits you.
A crimson imp comes into view.
The centaur shoots an arrow.
The arrow hits you.
You start resting.
The centaur is too close now for your liking.
The centaur shoots an arrow.
The arrow hits you!
Found 20 gold pieces.
The centaur shoots an arrow.
The arrow hits you.
The centaur shoots an arrow.
The arrow barely misses you.
You're too thirsty to transform right now.
You're too thirsty to transform right now.
There's nothing here to drain!
Unknown command.
Yummy - fresh blood!
The centaur shoots an arrow.
The arrow closely misses you.
The centaur shoots an arrow.
The arrow barely misses you.
The centaur shoots an arrow.
The arrow hits you!
You see here a ration {!d}.
You're too thirsty to transform right now.
Yummy - fresh blood!
The centaur shoots an arrow.
The arrow closely misses you.
The centaur shoots an arrow.
The arrow hits you!
* * * LOW HITPOINT WARNING * * *
The centaur shoots an arrow.
The arrow hits you.
You die...

#..#.####..# #.####.(######...#
#..#...%# ......... .. ......
#.###..## #........ ..##.......
#.#.....# #........
#.#.........#.'.#.#.# #........
.......#.#..######### #........
.......#.......#..# ###........
........##.#....@# ##.c.c...$..
........##.......# #..#........
........##.......###.##........
....†...(........c%....#.#..###
.......##........#..##...# ##
##..............###.##!..#.#
##.........................
###.##...........#..........
..............5.....##......


You could see a centaur.

Vanquished Creatures
  Jessica (D:3)
  Terence (D:2)
  A worker ant (D:2)
  3 gnolls (D:2)
  An ooze (D:3)
  A dart slug (D:3)
  A leopard gecko (D:1)
  5 orcs
  3 giant cockroaches
  6 goblins
  11 hobgoblins
  4 jackals (D:1)
  6 kobolds
  2 quokkas (D:2)
  3 ball pythons
  4 bats
  A frilled lizard (D:2)
  3 rats
57 creatures vanquished.

Notes
Turn   | Place    | Note
-------+----------+-------------------------------------------
     0 | D:1      | MisterOstroum the Vampire Rogue began the quest for the
                  | Orb.
     0 | D:1      | Reached XP level 1. HP: 13/13 MP: 2/2
   148 | D:1      | Reached XP level 2. HP: 19/20 MP: 3/3
   438 | D:1      | Reached skill level 1 in Fighting
  2024 | D:2      | Reached XP level 3. HP: 26/26 MP: 4/4
  2124 | D:2      | Reached XP level 4. HP: 7/33 MP: 5/5
  2850 | D:2      | Noticed Terence
  2853 | D:2      | Killed Terence
  3050 | D:2      | Found a sparkling altar of Nemelex Xobeh.
  3154 | D:2      | Found a glowing golden altar of the Shining One.
  3585 | D:3      | Reached XP level 5. HP: 38/39 MP: 6/6
  3728 | D:3      | Noticed Jessica
  3739 | D:3      | Killed Jessica
  3739 | D:3      | Reached skill level 5 in Short Blades
  3846 | D:3      | Noticed a centaur
  3867 | D:3      | HP: 1/41 [centaur/arrow (14)]
  3869 | D:3      | Shot with an arrow by a centaur

Skill      XL: |  1  2  3  4  5 |
---------------+----------------+-----
Short Blades   | 3 4 5 |  5.1
Fighting       | 1 2 3 |  3.0
Throwing       | |  1.5
Stealth        | |  6.4
Evocations     | |  2.0

Action                   |  1- 3 |  4- 6 || total
-------------------------+-------+-------++-------
Melee: Dagger            |    47 |    82 ||   129
       Bite              |     3 |     7 ||    10
 Fire: Blowgun           |     5 |       ||     5
Throw: Stone             |    24 |    29 ||    53
  Use: Potion            |       |     5 ||     5
 Stab: Sleeping          |     8 |    14 ||    22
  Eat: Corpse            |       |     1 ||     1
Armor: Robe              |     2 |    10 ||    12
Dodge: Dodged            |    19 |    33 ||    52
